 Dungeon Crawl Stone Soup version 0.29-a0-541-gaf1fc19f1b (webtiles) character file.

Game seed: 190278416599900271

64 Tocho the Gusty (level 4, -4/40 HPs)
             Began as an Ogre Air Elementalist on June 3, 2022.
             Was an Initiate of Vehumet.
             Slain by Pargi (7 damage)
             ... on level 3 of the Dungeon.
             The game lasted 00:06:28 (2398 turns).

Tocho the Gusty (Ogre Air Elementalist)             Turns: 2398, Time: 00:06:28

Health: -4/40      AC:  6    Str: 12    XL:     4   Next: 12%
Magic:  4/8        EV: 10    Int: 18    God:    Vehumet [......]
Gold:   68         SH:  0    Dex:  9    Spells: 2/8 levels left

rFire   . . .      SeeInvis .   n - +0 mace
rCold   . . .      Faith    .   (no shield)
rNeg    . . .      Spirit   .   q - +2 robe {Archmagi}
rPois   .          Reflect  .   f - +1 hat
rElec   .          Harm     .   (no cloak)
rCorr   .          Rampage  .   (gloves unavailable)
Will    .....      Archmagi +   (boots unavailable)
Stlth   ++........              (no amulet)
HPRegen 0.13/turn               (no ring)
MPRegen 0.11/turn               (no ring)

@: on berserk cooldown, slowed, invisible (expiring), very slow
A: large, unfitting armour, tough skin 1
a: Renounce Religion


You were on level 3 of the Dungeon.
You worshipped Vehumet.
Vehumet was noncommittal.
You visited 1 branch of the dungeon, and saw 3 of its levels.

You collected 68 gold pieces.

Inventory:

Hand Weapons
 c - a +0 club
 n - a +0 mace (weapon)
Missiles
 j - 7 javelins
Armour
 a - a +0 robe
 f - a +1 hat (worn)
 q - a +2 robe of the Archmagi (worn)
Magical Staves
 i - a staff of conjuration
Scrolls
 m - a scroll of torment
Potions
 b - a potion of magic
 k - a potion of invisibility
 p - a potion of haste {unknown}


   Skills:
 + Level 0.5 Fighting
 + Level 0.1 Staves
 + Level 2.3 Dodging
 + Level 1.7 Stealth
 + Level 2.9 Spellcasting
 + Level 1.6 Conjurations
 + Level 3.3 Air Magic


You had 2 spell levels left.
You knew the following spells:

 Your Spells              Type           Power      Damage    Failure   Level
a - Shock                 Conj/Air       68%        1d7       6%          1
b - Static Discharge      Conj/Air       17%        N/A       9%          2
c - Swiftness             Air            21%        N/A       13%         3

Your spell library contained the following spells:

 Spells                   Type           Power      Damage    Failure   Level
 Airstrike                Air            10%        N/A       38%         4


Dungeon Overview and Level Annotations

Branches:
Dungeon (3/15)

Altars:
Vehumet

Annotations:
D:3 Pargi


Innate Abilities, Weirdness & Mutations

You are too large for most types of armour.
You have tough skin. (AC +1)


Message History

The quokka closely misses you. Pargi bites you.
* * * LOW HITPOINT WARNING * * *
Pargi closely misses you. Pargi misses you.
The quokka bites you but does no damage.
It was a potion of berserk rage.
A red film seems to cover your vision as you go berserk!
You feel yourself moving faster!
You feel mighty!
The quokka bites you but does no damage.
You are too berserk!
You miss the quokka.
The quokka is moderately wounded.
The adder hisses angrily.
Pargi closely misses you. Pargi barely misses you.
Pargi claws you but does no damage. The quokka barely misses you.
You completely miss the quokka.
The quokka is moderately wounded.
The adder hisses angrily.
The adder hisses angrily.
You feel a strong urge to attack something.
The adder hisses angrily.
You thump the quokka!
You kill the quokka!
Vehumet accepts your kill.
The adder hisses angrily.
The adder hisses angrily.
The adder closely misses you.
You see here a scroll labelled ECIPOO AWKAPID.
You sock the adder!
You kill the adder!
Vehumet accepts your kill. Pargi bites you but does no damage.
Pargi claws you but does no damage. x2
You have reached level 4!
You are no longer berserk.
You are exhausted.
You feel yourself slow down.
You see here an adder corpse.
Pargi barely misses you. Pargi closely misses you. Pargi barely misses you.
You flicker for a moment.
Pargi bites you!
You die...

************* ***
,,,,,,,,,,,>***#.#
,,,,,,,,,,,,,,,..#
***,,,,,***,***#.#
*,,,,,* *,* #.#
*,,,,,* *,* #.#
*,,,,,* *,* #.#
*,,,,,* *,* #.# *
*,,,,,* *,***#@# *
*,,,,,* *,,,,#T# *
*,,,,,******,#.# *
*,,,,,,,,,,,,#g#######
*
*,,,,,*******#..†g...#
* ****+** #######.# *
*,* #.# * *,* #.# *
*,* #.#


You could see Pargi (can't see you) and a goblin (can't see you).

Vanquished Creatures
  2 adders
  A worm (D:2)
  2 dart slugs (D:2)
  5 bats
  7 endoplasms
  A giant cockroach (D:2)
  4 goblins
  A hobgoblin (D:1)
  4 jackals (D:2)
  2 kobolds
  2 quokkas
  3 frilled lizards
  2 rats (D:2)
36 creatures vanquished.

Vanquished Creatures (others)
  11 plants (D:2)
11 creatures vanquished.

Grand Total: 47 creatures vanquished

Notes
Turn   | Place    | Note
-------+----------+-------------------------------------------
     0 | D:1      | Tocho the Ogre Air Elementalist began the quest for the
                  | Orb.
     0 | D:1      | Reached XP level 1. HP: 16/16 MP: 3/3
    47 | D:1      | Found a faded altar of an unknown god.
   252 | D:1      | Reached skill level 3 in Air Magic
   295 | D:1      | Reached XP level 2. HP: 24/24 MP: 0/5
   675 | D:1      | Learned a level 2 spell: Static Discharge
  1463 | D:2      | Reached XP level 3. HP: 28/31 MP: 1/7
  1690 | D:2      | Reached skill level 1 in Conjurations
  1845 | D:2      | Found a radiant altar of Vehumet.
  1899 | D:2      | Became a worshipper of Vehumet
  2201 | D:2      | Learned a level 3 spell: Swiftness
  2346 | D:3      | Noticed Pargi
  2384 | D:3      | HP: 1/32 [Pargi (2)]
  2393 | D:3      | Reached XP level 4. HP: 3/40 MP: 3/8
  2398 | D:3      | Slain by Pargi

Illustrated notes

Levels and vault maps discovered:
D:1:      amcnicky_arrival_gap_in_the_tavern_cellar, layout_rooms,
          basic_ecumenical_altar
D:2:      layout_basic, basic_altar, serial_bayou_lake_a
D:3:      kennysheep_big_flooded_room, layout_basic, uniq_pargi

Skill      XL: |  1  2  3 |
---------------+----------+-----
Air Magic      | 3 |  3.3
Dodging        | 2 |  2.3
Conjurations   | 1 |  1.6
Fighting       | |  0.5
Staves         | |  0.1
Stealth        | |  1.7
Spellcasting   | |  2.9

Action                   |  1- 3 |  4- 6 || total
-------------------------+-------+-------++-------
Melee: Club              |    17 |       ||    17
       Staff             |    27 |       ||    27
       Mace              |     6 |       ||     6
       Punch             |     1 |       ||     1
 Cast: Shock             |    51 |       ||    51
       Static Discharge  |    12 |       ||    12
  Use: Scroll            |     4 |       ||     4
       Potion            |     4 |       ||     4
Armor: Robe              |    48 |       ||    48
Dodge: Dodged            |    58 |     3 ||    61

Table legend: (Time is in decaauts)
 A = Elapsed time spent in this place.
 B = Non-inter-level travel time spent in this place.
 C = Inter-level travel time spent in this place.
 D = Time resting spent in this place.
 E = Time spent auto-exploring this place.
 F = Levels seen in this place.
 G = Mean time per level.
                   A        B        C        D        E       F      G
               +--------+--------+--------+--------+--------+-----+--------+
         Total |   2436 |   2210 |    226 |      0 |   1713 |   3 |  812.0 |
       Dungeon |   2436 |   2210 |    226 |      0 |   1713 |   3 |  812.0 |
               +--------+--------+--------+--------+--------+-----+--------+

Top non-repeatable levels by time:
     D:2: 1398 daAuts
     D:1: 985 daAuts
     D:3: 52 daAuts
